[Event "Karel Janecek Open 2024"]
[Site "Prague"]
[Date "2024.03.04"]
[Round "6.19"]
[White "Narr, Kevin"]
[Black "Botez, Andrea"]
[Result "1-0"]
[ECO "A49"]
[WhiteElo "2007"]
[BlackElo "1709"]
[Annotator "NA RC"]
[PlyCount "63"]
[EventDate "2024.02.22"]
[EventType "swiss"]
[EventCountry "CZE"]
[SourceTitle "playchess.com"]
[Source "ChessBase"]
[SourceQuality "1"]
[TimeControl "40/5400+30:1800+30"]

1. Nf3 Nf6 2. g3 g6 3. b3 Bg7 4. Bb2 d6 5. d4 O-O 6. Bg2 Nbd7 7. O-O c6 8. Nbd2 Re8 9. Re1 b5 10. e4 e5 11. a4 a6 12. axb5 cxb5 13. Ba3 Qb6 14. Bb2 Bb7 15. d5 Ng4 16. Qe2 f5 17. Nh4 Rac8 18. c4 Bh6 19. Bc1 Ngf6 20. exf5 Bxd2 21. Bxd2 Kg7 22. Be3 Qd8 23. cxb5 axb5 24. fxg6 hxg6 25. Qxb5 Rb8 26. Ba7 g5 27. Nf5+ Kg6 28. Nxd6 Rh8 29. Nxb7 Rxb7 30. Qxb7 Ng4 31. Ra6+ Ndf6 32. Be4+ 1-0

[Event "Karel Janecek Open 2024"]
[Site "Prague"]
[Date "2024.03.05"]
[Round "7.1"]
[White "Kourkoulos-Arditis, Stamatis"]
[Black "Xiang, Zeyu"]
[Result "1-0"]
[ECO "C65"]
[WhiteElo "2547"]
[BlackElo "2418"]
[Annotator "RC"]
[PlyCount "109"]
[EventDate "2024.02.22"]
[EventType "swiss"]
[EventCountry "CZE"]
[SourceTitle "playchess.com"]
[Source "ChessBase"]
[SourceQuality "1"]
[TimeControl "40/5400+30:1800+30"]

1. e4 e5 2. Nf3 Nc6 3. Bb5 Nf6 4. d3 Bc5 5. Bxc6 dxc6 6. Nbd2 O-O 7. Qe2 Re8 8. Nc4 Nd7 9. Rg1 a5 10. g4 b5 11. Ne3 Bb4+ 12. Bd2 Bxd2+ 13. Qxd2 c5 14. O-O-O b4 15. Nf5 a4 16. h4 Nb6 17. c4 bxc3 18. Qxc3 Nd7 19. h5 Ra6 20. Kb1 Qf6 21. g5 Qc6 22. Rc1 Qb5 23. Ne3 Bb7 24. Ng4 Rae6 25. h6 c4 26. Qxc4 Qxc4 27. Rxc4 Ba6 28. Rc3 c5 29. hxg7 Rb8 30. Kc2 Kxg7 31. b3 Bb5 32. Ne3 axb3+ 33. axb3 Ra6 34. Nf5+ Kg8 35. Kd2 Ra2+ 36. Ke3 Ra3 37. Rgc1 Ba6 38. Rxc5 Nxc5 39. Rxc5 Raxb3 40. Nxe5 R3b5 41. Rxb5 Rxb5 42. Nh6+ Kg7 43. Nhxf7 Rb3 44. Nh6 Bc8 45. f4 Rb1 46. f5 Rg1 47. Nhf7 Bd7 48. Kf2 Ra1 49. Nd6 Ra7 50. f6+ Kg8 51. Nxd7 Rxd7 52. e5 Rd8 53. Ke3 Rd7 54. Ke4 Rd8 55. d4 1-0

[Event "Karel Janecek Open 2024"]
[Site "Prague"]
[Date "2024.03.05"]
[Round "7.2"]
[White "Amar, Elham"]
[Black "Ilamparthi A R"]
[Result "1-0"]
[ECO "C77"]
[WhiteElo "2555"]
[BlackElo "2426"]
[Annotator "TA"]
[PlyCount "139"]
[EventDate "2024.02.22"]
[EventType "swiss"]
[EventCountry "CZE"]
[SourceTitle "playchess.com"]
[Source "ChessBase"]
[SourceQuality "1"]
[TimeControl "40/5400+30:1800+30"]

1. e4 e5 2. Nf3 Nc6 3. Bb5 a6 4. Ba4 Nf6 5. d3 d6 6. c3 g6 7. O-O Bg7 8. Nbd2 O-O 9. Re1 Bd7 10. Nf1 Qe8 11. Bc2 Nh5 12. d4 f5 (12... Bg4 $11) 13. dxe5 $16 dxe5 14. exf5 gxf5 15. Ng3 Nxg3 16. hxg3 Kh8 17. Bb3 {[%emt 0:08:18] White is more active.} (17. Bf4 $16) 17... Be6 $14 {[%emt 0:13:38] [#]} 18. Bf4 $1 Rd8 19. Qc2 Bd5 20. Bxd5 Rxd5 21. c4 Rd7 22. Nxe5 Nxe5 $15 (22... Bxe5 23. Bxe5+ Nxe5 24. Qc3 $16 (24. f4 Qg6 $16)) 23. Rxe5 Bxe5 24. Re1 {[%emt 0:00:03] [#]} Kg8 25. Bxe5 {[%emt 0:00:54] [#]} (25. Rxe5 $11 Qg6 26. f3) 25... f4 26. gxf4 $11 Rxf4 27. Qc3 Rf5 28. f4 Qh5 29. c5 Qh4 30. Qb3+ Kf8 31. Qe3 Rd3 32. Qe4 $16 {[%emt 0:00:30] Really sharp!} Rh5 {[%emt 0:01:33][%mdl 8192] [#]} (32... Rf7 $16) 33. Bd6+ $2 Kg7 $1 $14 (33... cxd6 $2 34. Qe8+ Kg7 35. Re7+ $18 (35. Qd7+ Kg6 $18) (35. Qd7+ Kg6 $18)) 34. Qe7+ (34. Bf8+ $1 $14 Kg8 (34... Kxf8 $2 {perishes.} 35. Qe8+ Kg7 36. Re7+ $18) 35. Be7 Qh1+ 36. Kf2 Rd2+ 37. Re2 Rxe2+ 38. Qxe2) 34... Qxe7 $11 35. Rxe7+ {[%emt 0:00:03][%mdl 4096] Endgame. KRR-KRB} Kg6 36. Rxc7 Rd1+ 37. Kf2 Rd2+ 38. Kf3 Rxb2 39. Be5 Rxe5 40. fxe5 {[%emt 0:00:03] Threatens to win with Ke4. KR-KR} Kf5 41. Rxh7 {[%emt 0:32:30] Re7 would now be deadly.} Kxe5 42. Re7+ Kf6 43. Re2 Rb4 44. Rc2 Ra4 45. Rb2 Ke5 46. Kg3 Rc4 (46... Kf5 $11) 47. Rxb7 $16 {[%emt 0:00:00] Hoping for Re7+.} Rxc5 48. Rf7 a5 49. Rf2 {[%emt 0:00:00] Kh4 is the strong threat.} Ke4 $2 (49... Rc8 $16) 50. Kh4 $18 Ke3 51. Rf3+ $2 (51. Rb2 $18 {is the precise move to win.}) 51... Ke4 $16 52. Rf2 $2 {[%emt 0:04:45][%mdl 8192] Against Rc2} (52. Kh3 $16) 52... Ke3 $1 $18 {[%emt 0:00:02] Black is on the road to losing.} 53. Rb2 Rc8 {[%emt 0:02:31] [#]} 54. Rb3+ $2 (54. g4 $1 $18) 54... Kf4 $2 (54... Kf2 $1 $11) 55. g3+ Ke4 56. Rb5 Ra8 (56... a4 $18 57. g4 (57. Rb4+ Kf5 $18) 57... Rh8+ 58. Kg3 Rc8) 57. a4 {[%emt 0:00:28] White wants to mate with g4.} Rh8+ 58. Rh5 Ra8 59. g4 {[%emt 0:00:18] Intending Kg3 and mate.} Kf4 60. Rf5+ {[%emt 0:00:03] White mates.} Ke4 61. Kg3 Ra7 62. Rb5 Ra8 63. g5 Kd4 64. Kg4 Kc4 65. g6 Ra6 66. Kg5 Ra7 67. Kh6 Ra8 68. g7 Ra6+ 69. Kh7 Ra7 70. Kh8 {[%emt 0:00:06] Weighted Error Value: White=0.52/Black=0.43.  Loses game:     	---       	Black=3      Missed win:     	White=2     	---        Mistake:       	White=4     	Black=6      Inaccurate:     	White=1     	Black=1      OK:         	White=12    	Black=17     Best:        	White=6     	Black=3      Strong:       	---       	Black=2} 1-0

[Event "Karel Janecek Open 2024"]
[Site "Prague"]
[Date "2024.03.05"]
[Round "7.3"]
[White "Isik, Alparslan"]
[Black "Li, Di"]
[Result "1/2-1/2"]
[ECO "E05"]
[WhiteElo "2452"]
[BlackElo "2563"]
[Annotator "TA"]
[PlyCount "107"]
[EventDate "2024.02.22"]
[EventType "swiss"]
[EventCountry "CZE"]
[SourceTitle "playchess.com"]
[Source "ChessBase"]
[SourceQuality "1"]
[TimeControl "40/5400+30:1800+30"]

1. Nf3 d5 2. g3 Nf6 3. Bg2 e6 4. O-O Be7 5. d4 O-O 6. c4 dxc4 7. Qc2 a6 8. a4 h6 9. Rd1 Nc6 10. Qxc4 e5 {[%emt 0:00:17][%cal Be6e5,Be5e4][%mdl 32] [#] Threatens to win with ...e4.} 11. Nc3 e4 {[%emt 0:03:17][%cal Oc6a5] ...Na5! would now be deadly.} 12. Ne5 Be6 (12... Na5 $5 13. Qa2 $8 Bf5 $11) 13. Nxc6 Bxc4 14. Nxd8 Rfxd8 15. Be3 c6 16. b3 Bd5 ({Don't play} 16... Bxb3 17. Rdb1 c5 18. Nxe4 (18. Rxb3 cxd4 19. Nxe4 dxe3 $11) 18... cxd4 19. Bxd4 (19. Rxb3 dxe3 20. fxe3 Rab8 $11) (19. Nxf6+ Bxf6 20. Rxb3 dxe3 $11) 19... Rxd4 (19... Nxe4 20. Bxe4 Rxd4 21. Bxb7 $16) 20. Nxf6+ (20. Rxb3 $2 Nxe4 21. e3 Nc5 $19) 20... Bxf6 21. Rxb3 $16) 17. Nxd5 Nxd5 18. Bd2 (18. Bxe4 Nc3 19. f3 Bb4 (19... Nxe2+ 20. Kf1 $17)) 18... f5 19. Rab1 h5 20. h4 Kf7 21. e3 Ke6 22. Bf1 Bd6 23. Bc4 Kd7 24. Kf1 Rh8 25. Bxd5 cxd5 26. Ke2 Rac8 27. Rdc1 {[%emt 0:00:16] Against Rc2} Ke6 28. Rxc8 Rxc8 29. Rc1 {[%emt 0:00:04] Against Rc2} Rxc1 30. Bxc1 $15 {[%emt 0:00:01][%mdl 4096] Endgame. KB-KB} Kf6 31. Bd2 g5 32. hxg5+ Kxg5 33. Ba5 Kg4 34. Bd8 Ba3 35. Bf6 Bb4 36. Bd8 Bd6 37. Bf6 Bf8 38. Be5 Be7 39. Bc7 Bf6 40. Bd6 Bd8 41. Be5 Kh3 {[%emt 0:37:32] Strongly threatening ...Kg2.} 42. Kf1 Bg5 43. Bd6 Bd8 44. Be5 Be7 45. Bc7 Bb4 46. Be5 Kg4 47. Ke2 Kg5 48. Kd1 Kg6 49. Bf4 {[%emt 0:00:00] The position is equal.} Kf6 50. Ke2 Ke6 51. Bg5 Be7 52. Bxe7 Kxe7 53. b4 Kf6 54. f4 {[%emt 0:00:00] Weighted Error Value: White=0.08 (flawless) /Black=0.09 (flawless) .  Inaccurate:     	White=7     	Black=7      OK:         	White=16    	Black=20     Best:        	White=2     	---} 1/2-1/2

[Event "Karel Janecek Open 2024"]
[Site "Prague"]
[Date "2024.03.05"]
[Round "7.4"]
[White "Bharath Subramaniyam H"]
[Black "Kalogeris, Ioannis"]
[Result "1-0"]
[ECO "C47"]
[WhiteElo "2515"]
[BlackElo "2427"]
[Annotator "RC"]
[PlyCount "57"]
[EventDate "2024.02.22"]
[EventType "swiss"]
[EventCountry "CZE"]
[SourceTitle "playchess.com"]
[Source "ChessBase"]
[SourceQuality "1"]
[TimeControl "40/5400+30:1800+30"]

1. e4 e5 2. Nf3 Nc6 3. Nc3 Nf6 4. d4 exd4 5. Nxd4 Bb4 6. Nxc6 bxc6 7. Bd3 d5 8. exd5 cxd5 9. O-O O-O 10. h3 Be7 11. Re1 Bb7 12. Bg5 h6 13. Bh4 d4 14. Nb5 c5 15. Qe2 Qd5 16. f3 Bd8 17. Bxf6 gxf6 18. c4 Qg5 19. Nd6 Bc7 20. Nxb7 f5 21. f4 Bxf4 22. Qf3 Rab8 23. Re2 Be3+ 24. Kh1 f4 25. Nd6 Rb6 26. Nf5 Kh8 27. Rf1 Re6 28. g3 fxg3 29. Rg2 1-0

[Event "Karel Janecek Open 2024"]
[Site "Prague"]
[Date "2024.03.05"]
[Round "7.5"]
[White "Neuman, Petr"]
[Black "Polak, Tomas"]
[Result "1/2-1/2"]
[ECO "C02"]
[WhiteElo "2398"]
[BlackElo "2525"]
[Annotator "TA"]
[PlyCount "81"]
[EventDate "2024.02.22"]
[EventType "swiss"]
[EventCountry "CZE"]
[SourceTitle "playchess.com"]
[Source "ChessBase"]
[SourceQuality "1"]
[TimeControl "40/5400+30:1800+30"]

1. e4 c5 2. Nf3 e6 3. c3 d5 4. e5 Nc6 5. d4 Qb6 6. a3 a5 7. Bd3 Nh6 8. O-O Nf5 9. g4 Nh6 {[%emt 0:08:15] White is slightly better.} 10. h3 Bd7 11. Nbd2 cxd4 12. c4 $1 Ng8 13. Re1 {[%emt 0:05:24] With the idea cxd5.} Nge7 14. Nf1 (14. cxd5 $11 Nxd5 15. Nc4) 14... h5 15. Ng3 (15. cxd5 $15 Nxd5 16. gxh5) 15... hxg4 16. hxg4 dxc4 17. Bxc4 {[%emt 0:00:06] [#]} Ng6 ({Better is} 17... a4 $1 $17 18. Bg5 Na5) 18. Bg5 {[%emt 0:05:07] [#]} (18. Bd3 $11 {remains equal.}) 18... Be7 $1 $17 19. Bxe7 Ncxe7 20. Nh5 O-O-O {[%emt 0:02:26] White must now prevent ...Bc6.} ({Don't take} 20... Qxb2 21. Nxg7+ (21. Nxd4 $2 O-O $19) 21... Kf8 22. Nh5 $15) 21. Qxd4 Qxd4 22. Nxd4 Nh4 {[%emt 0:02:40] Strongly threatening ...Ba4.} 23. Be2 (23. Nxg7 $2 {too greedy.} Rdg8 24. f3 Rxg7 $19) 23... Nc6 (23... Bc6 {is interesting.} 24. Rad1 g5 25. b4 axb4 26. axb4 Kb8) 24. Nf3 Nxf3+ 25. Bxf3 Nd4 26. Be4 Bc6 27. Rac1 Kb8 28. Kg2 {[%emt 0:01:14] Prevents Nf3} Bxe4+ 29. Rxe4 Nc6 30. b4 axb4 31. axb4 Rd5 32. Nxg7 Rxe5 33. Rxe5 Nxe5 $11 {[%emt 0:00:01][%mdl 4096] Endgame. KRN-KRN} 34. f3 Rg8 35. Nh5 Nxg4 36. fxg4 Rxg4+ {[%emt 0:00:01] KRN-KR} 37. Kf3 Rxb4 38. Nf6 Rd4 {[%emt 0:00:45] Repels Nd7+} 39. Ke3 Rd8 40. Ke4 Rd2 41. Ke5 {[%emt 0:32:34] Weighted Error Value: White=0.12 (very precise) /Black=0.09 (flawless) .  Mistake:       	White=3     	Black=1      Inaccurate:     	White=1     	Black=2      OK:         	White=17    	Black=9      Best:        	---       	Black=1      Strong:       	White=1     	Black=1} 1/2-1/2

[Event "Karel Janecek Open 2024"]
[Site "Prague"]
[Date "2024.03.05"]
[Round "7.6"]
[White "Harshavardhan G B"]
[Black "Sethuraman, S.P."]
[Result "0-1"]
[ECO "C11"]
[WhiteElo "2392"]
[BlackElo "2594"]
[Annotator "TA"]
[PlyCount "140"]
[EventDate "2024.02.22"]
[EventType "swiss"]
[EventCountry "CZE"]
[SourceTitle "playchess.com"]
[Source "ChessBase"]
[SourceQuality "1"]
[TimeControl "40/5400+30:1800+30"]

1. e4 e6 2. d4 d5 3. Nc3 Nf6 4. e5 Nfd7 5. Nce2 c5 6. c3 Nc6 7. Nf3 Be7 8. g3 O-O 9. h4 Qa5 10. a3 cxd4 {[%emt 0:16:43] The position is equal.} 11. b4 Qb6 12. cxd4 f6 $1 13. exf6 Nxf6 14. Nf4 a5 15. bxa5 ({Of course not} 15. b5 Nxd4 16. Qxd4 Bc5 $19) 15... Qxa5+ 16. Bd2 Qa4 17. Qxa4 Rxa4 18. Bb5 Rxa3 ({Black should try} 18... Nxd4 $15 19. Nxd4 (19. Bxa4 Nxf3+ 20. Ke2 Nxd2 $17) 19... Rxd4) 19. Rxa3 $11 Bxa3 20. O-O Ne4 21. Be3 Nb4 22. Bc1 Bxc1 ({Reject} 22... Nc2 23. Ba4 Bxc1 24. Rxc1 $14) 23. Rxc1 Nd6 24. Bf1 Nc6 25. Bh3 Re8 26. Kg2 h6 27. Re1 (27. Rc5 $11) 27... Kf7 $15 28. Bg4 g6 {[%emt 0:00:53] Repels Bh5} 29. h5 g5 30. Nd3 Nc4 31. Rb1 Re7 32. Nb4 (32. Nfe5+ $15 N6xe5 33. dxe5) 32... Nxb4 $17 33. Rxb4 Rc7 34. Ne1 Bd7 35. Nd3 b6 36. Rb1 Ra7 37. Ne5+ Nxe5 38. dxe5 {[%emt 0:00:04][%mdl 4096] Endgame. KRB-KRB} b5 39. Be2 Rb7 40. Rb4 Ke7 41. f4 gxf4 42. gxf4 Kd8 43. Kf3 Kc7 44. Ke3 Kb6 45. Kd4 $2 {[%emt 0:00:00] [#] White does not recover from this.} (45. f5 $15) 45... Ra7 $1 $19 46. Rb2 Ra4+ 47. Ke3 Re4+ 48. Kf3 Be8 49. Kg3 b4 50. Bf3 Rd4 51. Bg4 (51. f5 $142 exf5 52. Be2) 51... Bd7 52. Be2 Kc5 53. Kf3 Ba4 54. Ke3 Re4+ 55. Kf3 b3 {[%emt 0:00:00] Strongly threatening ...Kb4.} 56. Bd3 {[%emt 0:00:00] [#]} Kd4 $1 57. Bxe4 (57. Bb1 Re1) 57... dxe4+ {[%emt 0:00:08] KR-KB. Black mates.} 58. Kf2 Kc3 59. Rb1 b2 60. Ke3 Kc2 61. Rh1 b1=Q 62. Rxb1 Kxb1 63. Kxe4 {[%emt 0:00:00] KB-K3P} Bc2+ 64. Kd4 Kc1 65. Kc5 Kd2 66. Kd6 Bf5 67. Ke7 Ke3 68. Kf6 Kxf4 69. Kg7 Kg5 70. Kf7 Kxh5 {[%emt 0:00:06] Weighted Error Value: White=0.55/Black=0.05 (flawless) .  Loses game:     	White=1     	---        Mistake:       	White=3     	Black=1      Inaccurate:     	White=3     	Black=2      OK:         	White=16    	Black=18     Best:        	White=2     	Black=5      Strong:       	---       	Black=2} 0-1

[Event "Karel Janecek Open 2024"]
[Site "Prague"]
[Date "2024.03.05"]
[Round "7.7"]
[White "Svanda, Ondrej"]
[Black "Safarli, Eltaj"]
[Result "0-1"]
[ECO "B70"]
[WhiteElo "2369"]
[BlackElo "2604"]
[Annotator "ChessBase"]
[PlyCount "36"]
[EventDate "2024.02.22"]
[EventType "swiss"]
[EventCountry "CZE"]
[SourceTitle "playchess.com"]
[Source "ChessBase"]
[SourceQuality "1"]
[TimeControl "40/5400+30:1800+30"]

1. e4 c5 2. Nf3 d6 3. d4 cxd4 4. Nxd4 Nf6 5. Nc3 g6 6. Be2 Bg7 7. O-O O-O 8. Re1 Nc6 9. Nb3 a5 10. a4 Be6 11. Bf1 d5 12. exd5 Nxd5 13. Bd2 Ndb4 14. Nc5 Bf5 15. N5e4 Nd4 16. Rc1 Rc8 17. g3 Qd7 18. Bg2 Rfd8 0-1

[Event "Karel Janecek Open 2024"]
[Site "Prague"]
[Date "2024.03.05"]
[Round "7.8"]
[White "Mikes, Jan"]
[Black "Heberla, Bartlomiej"]
[Result "1-0"]
[ECO "C50"]
[WhiteElo "2358"]
[BlackElo "2546"]
[Annotator "TA"]
[PlyCount "119"]
[EventDate "2024.02.22"]
[EventType "swiss"]
[EventCountry "CZE"]
[SourceTitle "playchess.com"]
[Source "ChessBase"]
[SourceQuality "1"]
[TimeControl "40/5400+30:1800+30"]

1. e4 e5 2. Nf3 Nc6 3. Bc4 d6 4. d3 Na5 5. Nc3 Be7 6. h3 {[%emt 0:05:11] C50: Hungarian Defence and Giuoco Pianissimo.} Nxc4 7. dxc4 f5 $146 ({Predecessor:} 7... Nf6 8. Bg5 Be6 9. Qe2 O-O 10. O-O-O b6 11. Nxe5 Nxe4 12. Nxe4 Bxg5+ 13. Kb1 Bh6 {1-0 Jobava,B (2603)-Paravyan,D (2647) Titled Tuesday intern op 11th May blitz 2021 (8)}) 8. exf5 Bxf5 9. g4 Be6 10. Qe2 Qd7 11. Be3 Qc6 12. b3 Nf6 13. O-O-O O-O 14. Ng5 Bd7 15. f3 b5 16. Nxb5 d5 17. a4 d4 18. Bxd4 h6 19. Bxe5 hxg5 20. h4 gxh4 21. Rxh4 Rae8 22. g5 Nh7 23. f4 Bf5 (23... Nxg5 24. Qh5 Bf6 25. Bxf6 (25. fxg5 Bxe5 26. Qh7+ Kf7 $16) (25. Nxa7 Qf3 $18) (25. Nxc7 Bxe5 26. Nxe8 Bxe8 $11) 25... Qxf6 26. Qh8+ (26. fxg5 Qa1+ 27. Kd2 Rf2+ 28. Kd3 Bf5+) 26... Kf7 27. Rxd7+ Re7 28. Qh5+ (28. Rxc7 $2 Qa1+ 29. Kd2 Qe1+ 30. Kd3 Qe3#) 28... Kg8 29. Rxe7 (29. fxg5 $2 Qa1+ 30. Kd2 Qe1+ 31. Kd3 Qe3#) 29... Qa1+ 30. Kd2 Rd8+ 31. Ke2 Qd1+ 32. Kf2 Qxc2+ 33. Re2 $18 (33. Qe2 Rd2 $18)) 24. Nd4 (24. Bxc7 $2 Ba3+ 25. Nxa3 Rxe2 $19) (24. Kb2 $14) 24... Qe4 $1 $11 25. Qxe4 $1 (25. Bxc7 $2 Ba3+ 26. Kb1 Qxd4 (26... Qxe2 $2 27. Nxe2 Rxe2 28. Rdh1 $19) 27. Rxd4 Rxe2 $19) 25... Bxe4 26. Re1 (26. Rg4 {simplifies} Bxg5 27. Bxc7 Be7 28. Be5) 26... Bg6 (26... Nxg5 $6 27. Rg4 $14) 27. Ne6 $2 (27. Bxc7 Nxg5 28. Rxe7 Rxe7 $15) (27. Kb2 $11 {and White stays safe.}) 27... Ba3+ $19 28. Bb2 {[%emt 0:00:02] [#]} Bxb2+ (28... Bb4 $1 $19 29. Re5 Rf7) 29. Kxb2 $15 Bf5 30. Nxf8 Rxe1 31. Nxh7 Bxh7 32. Rh2 Bf5 33. Rd2 Re4 34. Rd8+ Kf7 35. Ra8 Ke7 ({Worse is} 35... Rxf4 36. Rxa7 Ke8 37. Rxc7 $18) 36. Rxa7 Kd7 (36... Rxf4 37. Rxc7+ Kd6 38. Rxg7 $16) 37. a5 Rxf4 38. Rb7 Rf2 39. b4 Bxc2 40. Kc3 Be4 41. Rb8 $1 c5 42. b5 Ra2 43. a6 g6 44. Rf8 Ra3+ 45. Kb2 Ra4 46. Kb3 Ra1 47. Rf7+ Ke6 48. Rc7 Kd6 49. Rg7 Rg1 50. a7 Rb1+ 51. Kc3 Ra1 $2 (51... Rc1+ $11 52. Kb3 Ra1) 52. b6 $18 Ra3+ 53. Kd2 (53. Kb2 $142 Ra4 54. Rxg6+ Ke5 (54... Bxg6 $2 {perishes.} 55. b7 $18) 55. Rh6) 53... Ra6 $2 (53... Ba8 54. Rxg6+ Kd7) 54. Rxg6+ $18 Ke5 55. Rf6 (55. Rh6 $142) 55... Kd4 $2 (55... Ra2+ 56. Kc3 Rc2+ 57. Kb3 Rc1) 56. Rd6+ $18 Ke5 57. Rd5+ Bxd5 58. cxd5 Kd4 59. b7 Ra2+ 60. Kc1 1-0

[Event "Karel Janecek Open 2024"]
[Site "Prague"]
[Date "2024.03.05"]
[Round "7.9"]
[White "Kraus, Tomas"]
[Black "Chinguun, Sumiya"]
[Result "1/2-1/2"]
[ECO "B50"]
[WhiteElo "2484"]
[BlackElo "2319"]
[Annotator "TA"]
[PlyCount "58"]
[EventDate "2024.02.22"]
[EventType "swiss"]
[EventCountry "CZE"]
[SourceTitle "playchess.com"]
[Source "ChessBase"]
[SourceQuality "1"]
[TimeControl "40/5400+30:1800+30"]

1. e4 c5 2. Nf3 d6 3. Nc3 Nf6 4. e5 dxe5 5. Nxe5 a6 6. g3 Qd6 7. Qe2 Nc6 8. Nxc6 {[%emt 0:00:12] The position is equal.} Qxc6 9. Rg1 Bg4 10. Bg2 Qxg2 11. Rxg2 Bxe2 12. Kxe2 e6 13. d3 Bd6 14. a4 b6 15. f4 O-O-O 16. Bd2 Kb7 17. Kf3 g6 18. Re2 Bf8 19. g4 h5 20. g5 Nd5 21. Ne4 Bd6 (21... Kc6 $11) 22. c4 ({White should play} 22. a5 $14) 22... Ne7 $11 23. Bc3 {[%emt 0:03:40] Inhibits Bc7.} Rhf8 24. Bf6 {[%emt 0:11:42] Nxd6+ would now be deadly.} Nf5 25. Bxd8 $16 Rxd8 26. Nxd6+ Rxd6 {[%emt 0:00:07] [#]} 27. Ke4 a5 (27... Rd4+ 28. Ke5 a5 29. Ra3 $16) 28. Rd1 Kc6 {[%emt 0:05:05] [#]} 29. Ke5 (29. Rf2 $142 $1) 29... Kd7 {[%emt 0:04:40] Weighted Error Value: White=0.15 (very precise) /Black=0.20 (precise) .  Mistake:       	White=2     	Black=2      Inaccurate:     	White=1     	---        OK:         	White=9     	Black=7      Best:        	White=1     	Black=2} 1/2-1/2

[Event "Karel Janecek Open 2024"]
[Site "Prague"]
[Date "2024.03.05"]
[Round "7.10"]
[White "Maksimovic, Bojan"]
[Black "Kusa, Jakub"]
[Result "1/2-1/2"]
[ECO "C65"]
[WhiteElo "2497"]
[BlackElo "2350"]
[Annotator "RC"]
[PlyCount "82"]
[EventDate "2024.02.22"]
[EventType "swiss"]
[EventCountry "CZE"]
[SourceTitle "playchess.com"]
[Source "ChessBase"]
[SourceQuality "1"]
[TimeControl "40/5400+30:1800+30"]

1. e4 e5 2. Nf3 Nc6 3. Bb5 Nf6 4. d3 Bc5 5. c3 d5 6. exd5 Qxd5 7. Bc4 Qd6 8. b4 Bb6 9. Nbd2 Bf5 10. Ng5 O-O 11. Nde4 Nxe4 12. dxe4 Qxd1+ 13. Kxd1 Bg4+ 14. Kc2 h6 15. Nf3 Bxf2 16. Rf1 Bb6 17. a4 a6 18. Ba3 Rfe8 19. Rad1 Rad8 20. Bd5 Be6 21. Bxc6 Rxd1 22. Rxd1 bxc6 23. Nxe5 Ba2 24. Kb2 Rxe5 25. Kxa2 Rxe4 26. a5 Re2+ 27. Kb3 Be3 28. Rd8+ Kh7 29. Ra8 Rxg2 30. Rxa6 f5 31. Rxc6 f4 32. Rxc7 f3 33. Rf7 f2 34. c4 Rg6 35. Rxf2 Bxf2 36. c5 Be1 37. Ka4 Re6 38. Kb5 Re3 39. Ka4 Re6 40. Kb5 Re3 41. Ka4 Re6 1/2-1/2

[Event "Karel Janecek Open 2024"]
[Site "Prague"]
[Date "2024.03.05"]
[Round "7.11"]
[White "Quintiliano, Renato R."]
[Black "Rohit S"]
[Result "1/2-1/2"]
[ECO "E04"]
[WhiteElo "2493"]
[BlackElo "2174"]
[Annotator "TA"]
[PlyCount "120"]
[EventDate "2024.02.22"]
[EventType "swiss"]
[EventCountry "CZE"]
[SourceTitle "playchess.com"]
[Source "ChessBase"]
[SourceQuality "1"]
[TimeControl "40/5400+30:1800+30"]

1. d4 Nf6 2. c4 e6 3. g3 d5 4. Bg2 dxc4 5. Nf3 c6 6. O-O b5 7. Ne5 {[%emt 0:00:09] E04: Open Catalan: 5 Nf3.} Bb7 8. a4 a6 9. b3 cxb3 10. Bb2 Nd5 (10... Nbd7 {seems wilder.} 11. axb5 axb5 12. Bxc6 Rxa1 13. Bxb7 Ra7) 11. Qxb3 Nd7 12. Nd2 Nxe5 13. dxe5 Be7 14. Rfc1 O-O 15. Ne4 a5 $146 ({Predecessor:} 15... Qb6 16. Nd6 Bxd6 17. exd6 c5 18. e4 c4 19. Qf3 c3 20. Bxc3 Nxc3 21. Qxc3 Qxd6 {0-1 Kethro,M (2122)-Bjelobrk,I (2403) Doeberl Cup 59th 2022 (2)}) 16. e3 (16. axb5 $11 {might be stronger.} Qb6 17. Qd3 (17. Nd6 Bxd6 18. exd6 cxb5 $11)) 16... Qb8 17. Bd4 (17. axb5 $5 cxb5 18. Qxb5 $17) 17... bxa4 (17... b4 $11) 18. Qxa4 Ba6 19. Qxa5 (19. Qxc6 Rc8 20. Qa4 Rxc1+ 21. Rxc1 Bb5 $11) (19. Rxc6 $2 Bb5 20. Qd1 Bxc6 $19) 19... Bb5 20. Qd2 Rxa1 21. Bxa1 Rd8 22. Bd4 Nb4 23. f4 Nd3 {[%emt 0:01:37] [#]} (23... Bf8 $11) 24. Rb1 $1 $16 c5 {[%emt 0:02:22] [#]} 25. Nxc5 $1 Nxc5 (25... Bxc5 $2 26. Bxc5 Nxf4 (26... Nxc5 $2 27. Rxb5 $18) 27. Rxb5 $18) 26. Bf1 ({White should play} 26. Qa5 Nd3 (26... Rxd4 $2 27. exd4 Qc8 28. Qa8 $18) 27. Qxb5 (27. Rxb5 Qc8 $16) 27... Qxb5 28. Rxb5) 26... Ne4 $16 27. Qc2 Ba4 ({Wrong is} 27... Rxd4 $2 28. exd4 Nd6 29. exd6 Qxd6 30. Bxb5 $18 (30. Rxb5 Qxd4+ 31. Qf2 Qd8 $18)) 28. Qxe4 (28. Qxa4 $2 {is the wrong capture.} Qxb1 29. Qc4 g6 $19 (29... Nd2 $2 30. Qe2 $19)) 28... Qc8 29. Qb7 Bf8 30. Qxc8 Rxc8 31. g4 Bc2 32. Rc1 Ba3 33. Ra1 Be7 34. Ra7 Kf8 35. Ba6 Rb8 36. Bb7 g5 37. Bb6 Be4 38. Bxe4 Rxb6 39. f5 ({Don't play} 39. Bxh7 Bc5 $11) 39... f6 40. exf6 (40. Ra5 {simplifies} exf5 41. exf6 Bxf6 42. Rxf5 Kg7 43. Bd5) 40... Bc5 $1 41. Rxh7 Bxe3+ 42. Kg2 exf5 43. gxf5 Rxf6 44. Kf3 Bd2 45. Kg4 Rd6 $1 46. h3 Rd4 47. Kf3 Rd6 48. Rb7 Rh6 49. Kg2 Rh4 50. Bf3 Rb4 51. Rd7 Bc3 52. Kf2 Be5 53. Bg4 Rb3 54. Rd5 Bf6 55. Bf3 Ke7 56. Ra5 Bd4+ 57. Kg3 Kf6 58. Ra4 Be5+ 59. Kg4 Bd6 60. Re4 Rb4 1/2-1/2